 Dungeon Crawl Stone Soup version 0.29.1-1-gd02db6906a (webtiles) character file.

Game seed: 1473381594541524657

7 vvl the Stinger (level 1, 0/13 HPs)
             Began as a Demonspawn Venom Mage on Oct 6, 2022.
             Slain by a jackal (3 damage)
             ... on level 1 of the Dungeon.
             The game lasted 00:01:05 (345 turns).

vvl the Stinger (Demonspawn Venom Mage)              Turns: 345, Time: 00:01:06

Health: 0/13       AC:  2    Str:  8    XL:     1   Next: 83%
Magic:  0/3        EV: 12    Int: 16    God:
Gold:   25         SH:  0    Dex: 13    Spells: 3/4 levels left

rFire   . . .      SeeInvis .   c - staff of cold
rCold   + . .      Faith    .   (no shield)
rNeg    . . .      Spirit   .   a - +0 robe
rPois   .          Reflect  .   (no helmet)
rElec   .          Harm     .   (no cloak)
rCorr   .          Rampage  .   (no gloves)
Will    .....                   (no boots)
Stlth   ++........              (no amulet)
HPRegen 0.04/turn               (no ring)
MPRegen 0.08/turn               (no ring)

@: no status effects
A: no striking features
a: no special abilities


You were on level 1 of the Dungeon.
You visited 1 branch of the dungeon, and saw 1 of its levels.

You collected 25 gold pieces.

Inventory:

Armour
 a - a +0 robe (worn)
Magical Staves
 c - a staff of cold (weapon)
Potions
 b - a potion of magic
 d - a potion of heal wounds {unknown}


   Skills:
 + Level 0.2 Fighting
 + Level 0.2 Armour
 + Level 1.8 Dodging
 + Level 1.8 Stealth
 + Level 2.0 Spellcasting
 + Level 1.0 Transmutations
 + Level 0.0 Ice Magic
 * Level 3.1 Poison Magic


You had 3 spell levels left.
You knew the following spells:

 Your Spells              Type           Power      Damage    Failure   Level
a - Sting                 Tmut/Pois      32%        1d4       9%          1

Your spell library contained the following spells:

 Spells                   Type           Power      Damage    Failure   Level
 Poisonous Vapours        Pois/Air       12%        N/A       16%         2
 Mephitic Cloud           Conj/Pois/Air  4%         N/A       38%         3
 Olgreb's Toxic Radiance  Pois           11%        N/A       50%         4


Dungeon Overview and Level Annotations

Branches:
Dungeon (1/15)

Altars:


Message History

You miscast Sting.
You are very lightly contaminated with residual magic.
Nothing appears to happen.
The jackal barks!
A jackal comes into view.
The jackal closely misses you.
The sting misses the jackal.
The jackal barks!
The jackal barely misses you.
A jackal comes into view.
The sting misses the jackal.
The jackal barks!
The jackal bites you.
A rat comes into view.
The jackal closely misses you.
You see here a giant cockroach corpse.
Your magical contamination has completely faded away.
The jackal attacks as you move away! The jackal bites you. x2
You closely miss the jackal. The jackal misses you.
You closely miss the jackal. The jackal bites you.
The jackal barely misses you.
You closely miss the jackal. The jackal closely misses you.
The jackal bites you but does no damage.
You closely miss the jackal. The jackal barely misses you.
The jackal bites you.
You barely miss the jackal. The jackal barely misses you.
The jackal closely misses you. The jackal barely misses you.
Casting: Sting (safe; 9% risk of failure)
Confirm with . or Enter, or press ? or * to list all spells.
Aiming: Sting (safe; 9% risk of failure)
Press: ? - help, Shift-Dir - straight line, f/p - jackal
Aim: a jackal (60% to hit)
The sting hits the jackal.
The jackal is poisoned.
The jackal is heavily wounded.
The jackal closely misses you. The jackal bites you.
The jackal completely misses you.
You closely miss the jackal. The jackal bites you.
* * * LOW HITPOINT WARNING * * *
The jackal misses you. The jackal bites you.
You die...

.####.~~#
##.....#.......
...#...~#
#..#......#...
...'..<~# +..##......#.
...'...~#
+..##....#....
...#...~#
#..#.....#....
.####.~~#
##..........##. .#
#.~≈###.....(........
.#
+.~###......hh...#...
~#
######.....#@#........#
##......#h#...###...
###.......#h....###.#
.......†.............#
....†...###...†.#.#..#
......#......##......#
......#####..##...#....
....## #...##..# ..
...# ##............


You could see 4 jackals.

Vanquished Creatures
  A ball python (D:1)
  An endoplasm (D:1)
  A giant cockroach (D:1)
  A goblin (D:1)
  A frilled lizard (D:1)
  A rat (D:1)
6 creatures vanquished.

Notes
Turn   | Place    | Note
-------+----------+-------------------------------------------
     0 | D:1      | vvl the Demonspawn Venom Mage began the quest for the Orb.
     0 | D:1      | Reached XP level 1. HP: 13/13 MP: 3/3
   282 | D:1      | Reached skill level 1 in Transmutations
   345 | D:1      | Slain by a jackal

Illustrated notes

Levels and vault maps discovered:
D:1:      denvon_arrival_waterhouse, layout_rooms

Skill      XL: |  1 |
---------------+----+-----
Transmutations | 1 |  1.0
Fighting       | |  0.2
Armour         | |  0.2
Dodging        | |  1.8
Stealth        | |  1.8
Spellcasting   | |  2.0
Poison Magic   | |  3.1

Action                   || total
-------------------------++-------
Melee: Staff             ||     8
       Unarmed           ||     2
 Cast: Sting             ||    11
Armor: Robe              ||     2
Dodge: Dodged            ||    15
